 Dungeon Crawl Stone Soup version 0.30-a0-229-g2dd1c91445 (webtiles) character file.

Game seed: 8750320893765470246

10578 qw the Cleaver (level 11, -13/68 HPs)
             Began as a Gargoyle Fighter on Oct 9, 2022.
             Was an Elder of Okawaru.
             Mangled by Sonja
             ... wielding a +2 short sword of distortion
              (16 damage)
             ... on level 11 of the Dungeon.
             The game lasted 00:04:25 (9494 turns).

qw the Cleaver (Gargoyle Fighter)                   Turns: 9494, Time: 00:04:25

Health: -13/68     AC: 29    Str: 25    XL:     11   Next: 64%
Magic:  14/16      EV: 12    Int:  8    God:    Okawaru [****..]
Gold:   575        SH: 12    Dex:  9    Spells: 10/10 levels left

rFire   . . .      SeeInvis .    Y - +1 war axe (venom)
rCold   + . .      Faith    .    s - +0 kite shield
rNeg    + . .      Spirit   .    n - +1 plate armour
rPois   inf        Reflect  .    (helmet restricted)
rElec   +          Harm     .    (no cloak)
rCorr   .          Rampage  .    i - +2 pair of gloves
Will    .....                    t - +0 pair of boots
Stlth   ..........               (no amulet)
HPRegen 0.31/turn                e - +4 ring of evasion
MPRegen 0.15/turn                b - ring of protection from cold

@: about to teleport, heroic
A: sickness immunity, AC +8, negative energy resistance 1, electricity
resistance, torment resistance 1, petrification resistance, horns 1
a: Renounce Religion, Heroism, Finesse


You were on level 11 of the Dungeon.
You worshipped Okawaru.
Okawaru was greatly pleased with you.
You visited 2 branches of the dungeon, and saw 12 of its levels.
You also visited: Sewer.

You collected 778 gold pieces.
You spent 203 gold pieces at shops.


Innate Abilities, Weirdness & Mutations

You are immune to sickness and miasma.
Your stone body is resilient. (AC +8)
You are immune to poison.
You resist negative energy. (rN+)
You are resistant to electric shocks. (rElec)
You are resistant to unholy torment.
You are immune to petrification.
You have a pair of small horns on your head.


   Skills:
 - Level 8.0(13.0) Fighting
 - Level 11.0(16.0) Axes
 - Level 1.1(6.1) Throwing
 - Level 7.0(12.0) Armour
 - Level 1.4(6.4) Dodging
 + Level 9.4(14.4) Shields
 + Level 7.2 Invocations


You had 10 spell levels left.
You didn't know any spells.
Your spell library was empty.

Inventory:

Hand Weapons
 m - a +0 morningstar
 r - a +0 antimagic war axe
 Y - a +1 war axe of venom (weapon)
Missiles
 k - 4 boomerangs (quivered)
Armour
 c - +0 acid dragon scales
 i - a +2 pair of gloves (worn)
 n - a +1 plate armour (worn)
 s - a +0 kite shield (worn)
 t - a +0 pair of boots (worn)
Jewellery
 b - a ring of protection from cold (right hand)
 e - a +4 ring of evasion (left hand)
 j - a ring of protection from fire
Scrolls
 f - a scroll of identify
 g - 3 scrolls of teleportation
Potions
 a - 4 potions of curing
 d - 2 potions of might
 h - 5 potions of mutation
 l - 2 potions of magic
 o - 2 potions of attraction
 p - a potion of resistance
 q - 4 potions of haste
 u - a potion of lignification

Dungeon Overview and Level Annotations

Branches:
Dungeon (11/15)            Temple (1/1) D:4           Sewer (visited)
   Lair: D:8-11         Orc: D:9-12

Altars:
Ashenzari
Cheibriados
Dithmenos
Elyvilon
Fedhas
Gozag
Hepliaklqana
Kikubaaqudgha
Makhleb
Nemelex Xobeh
Okawaru
Qazlal
Ru
Sif Muna
Trog
Uskayaw
Vehumet
Wu Jian
Xom
Yredelemnul
Zin
The Shining One

Shops:
D:6 ?

Annotations:
D:7 3 runed translucent doors, qw's ghost, novice GrFi
D:10 1 runed translucent door
D:11 Sonja


Message History

The yak bellows!
You hear an angry buzzing noise.
The orc wizard shouts!
You hear a shout!
The two-headed ogre shouts in stereo!
You hear a shout! x2
The kobold brigand shouts!
The orc wizard shouts!
You see here a howler monkey skeleton.
The troll shouts!
The killer bee buzzes angrily.
Could not explore, unopened runed door.
(D) Dungeon (T) Temple
Where to? (* - list waypoints, Enter - D:11, ? - help)
What level of the Dungeon? (default 1, ? - help)
There is a stone staircase leading down here.
You climb downwards.
Level annotation: Sonja Sonja hits you with a +2 short sword of distortion!
Space warps around you. Sonja hits you but does no damage.
You blink.
Sonja hits you but does no damage. Space warps around you.
Sonja hits you but does no damage. Space warps horribly around you!
You block Sonja's attack.
9491 ||| INVOKING Heroism.
You gain the combat prowess of a mighty hero.
You can no longer enter into single combat with a foe.
Okawaru will no longer gift you equipment.
Something hits you but does no damage.
Deactivating autopickup; reactivate with Ctrl-A.
Sonja hits you but does no damage. Space warps around you.
You block Sonja's attack. Sonja barely misses you.
You barely miss Sonja. You closely miss something.
Something hits you but does no damage. You block Sonja's attack.
Sonja hits you but does no damage. Space warps horribly around you!!
Sonja hits you but does no damage. Space warps around you.
9493 ||| READING 4 scrolls of teleportation.
As you read the scroll of teleportation, it crumbles to dust.
You feel strangely unstable. Something hits you but does no damage.
Sonja misses you. Sonja closely misses you. Sonja hits you but does no damage.
You hit Sonja.
Sonja is poisoned.
Sonja is lightly wounded.
Sonja hits you but does no damage. Space warps horribly around you.
Sonja hits you but does no damage. Space warps horribly around you!
You die...

##########>.
...#.....#.# .##
...........## ..
............#..
............#..
.............# .
...........#.##...
.......<.K........
......%...@.#.#
.......%%..##
.........#.....
...###..##.###. ##
#.....# #......
...<..# .......#


You could see Sonja (very poisoned).

Vanquished Creatures
  2 boulder beetles (D:9)
  Maggie (D:7)
  A hornet (D:9)
  3 trolls (D:10)
  Prince Ribbit (D:5)
  3 wyverns
  17 yaks
  A ynoxinul (D:10)
  2 basilisks (D:9)
  3 vampire mosquitoes
  A steam dragon (D:8)
  An acid dragon (D:9)
  4 sky beasts
  5 ice beasts
  An orc warrior (D:8)
  6 centaurs
  3 ogres
  3 kobold brigands (Sewer)
  2 phantoms (D:6)
  4 bullfrogs
  A necrophage (D:7)
  2 gnoll sergeants
  2 scorpions
  9 killer bees
  6 howler monkeys
  2 hounds
  3 jellies
  6 orc priests
  2 gnoll boudas
  4 orc wizards
  6 iguanas
  Robin (D:2)
  23 gnolls
  5 adders
  3 shadow imps
  4 worms
  5 dart slugs
  17 orcs
  9 ball pythons
  5 endoplasms
  2 giant cockroaches
  9 hobgoblins
  10 jackals
  3 quokkas
  14 bats
  6 frilled lizards
  19 goblins
  13 kobolds
  7 rats
262 creatures vanquished.

Vanquished Creatures (others)
  3 plants
  3 toadstools (D:8)
6 creatures vanquished.

Grand Total: 268 creatures vanquished

Notes
Turn   | Place    | Note
-------+----------+-------------------------------------------
     0 | D:1      | qw the Gargoyle Fighter began the quest for the Orb.
     0 | D:1      | Reached XP level 1. HP: 14/14 MP: 1/1
     0 | D:1      | 0 ||| qw: Version: 0.2-a-17-g06abaee
     0 | D:1      | 0 ||| qw: Game counter: 2306
     0 | D:1      | 0 ||| qw: Always use a shield: true
     0 | D:1      | 0 ||| qw: God list: Okawaru
     0 | D:1      | 0 ||| qw: Allow faded altars: false
     0 | D:1      | 0 ||| qw: Do Orc after D:15 true
     0 | D:1      | 0 ||| qw: Do second Lair branch before Depths: true
     0 | D:1      | 0 ||| qw: Lair rune preference: random
     0 | D:1      | 0 ||| qw: Plans: Normal, Zot:1-4, God:TSO, Crypt, Tomb,
                  | Pan, Slime:5, Hells, Abyss, Orb
     0 | D:1      | 0 ||| PLANNING D:1-11
    53 | D:1      | 53 ||| Stepping ~*~*~tactically~*~*~ (stealth).
    62 | D:1      | Reached skill level 2 in Axes
   148 | D:1      | Reached XP level 2. HP: 19/19 MP: 2/2
   150 | D:1      | 150 ||| Stepping ~*~*~tactically~*~*~ (stealth).
   175 | D:1      | You fall into a shaft and drop 1 floor!
   191 | D:2      | 191 ||| Stepping ~*~*~tactically~*~*~ (hiding).
   203 | D:2      | Noticed Robin
   204 | D:2      | 204 ||| Stepping ~*~*~tactically~*~*~ (hiding).
   211 | D:2      | Killed Robin
   212 | D:2      | Reached skill level 3 in Axes
   212 | D:2      | Reached XP level 3. HP: 17/23 MP: 3/3
   214 | D:2      | 214 ||| Stepping ~*~*~tactically~*~*~ (stealth).
   376 | D:2      | 376 ||| Stepping ~*~*~tactically~*~*~ (stealth).
   465 | D:2      | 465 ||| UPGRADING to +0 helmet.
   470 | D:2      | 470 ||| READING scroll labelled PERALE KOSEOTY.
   653 | D:2      | 653 ||| DRINKING 2 bubbling silvery potions.
   752 | D:1      | Reached XP level 4. HP: 26/28 MP: 4/4
   920 | D:1      | 920 ||| Stepping ~*~*~tactically~*~*~ (hiding).
  1037 | D:1      | Reached skill level 4 in Axes
  1146 | D:1      | 1146 ||| DROPPING +0 club.
  1170 | D:1      | 1170 ||| Stepping ~*~*~tactically~*~*~ (stealth).
  1440 | D:1      | 1440 ||| DROPPING ring of magical power.
  1441 | D:1      | 1441 ||| READING scroll labelled WEUCLE NAEDDEN.
  1442 | D:1      | 1442 ||| READING scroll labelled HILUNNEHEC.
  1927 | D:3      | 1927 ||| PLANNING SEWER
  2236 | D:3      | Found a glowing drain.
  2237 | D:3      | 2237 ||| DRINKING 2 grey potions.
  2241 | D:3      | 2241 ||| FLEEEEING.
  2242 | D:3      | 2242 ||| FLEEEEING.
  2243 | D:3      | 2243 ||| FLEEEEING.
  2254 | D:3      | 2254 ||| FLEEEEING.
  2255 | D:3      | 2255 ||| FLEEEEING.
  2266 | D:3      | 2266 ||| FLEEEEING.
  2267 | D:3      | 2267 ||| FLEEEEING.
  2270 | D:3      | 2270 ||| FLEEEEING.
  2271 | D:3      | 2271 ||| FLEEEEING.
  2272 | D:3      | 2272 ||| FLEEEEING.
  2273 | D:3      | 2273 ||| FLEEEEING.
  2274 | D:3      | 2274 ||| FLEEEEING.
  2275 | D:3      | 2275 ||| FLEEEEING.
  2276 | D:3      | 2276 ||| FLEEEEING.
  2281 | D:3      | 2281 ||| FLEEEEING.
  2282 | D:3      | 2282 ||| FLEEEEING.
  2283 | D:3      | 2283 ||| FLEEEEING.
  2295 | D:3      | 2295 ||| FLEEEEING.
  2296 | D:3      | 2296 ||| FLEEEEING.
  2297 | D:3      | 2297 ||| FLEEEEING.
  2298 | D:3      | 2298 ||| FLEEEEING.
  2300 | D:3      | 2300 ||| FLEEEEING.
  2301 | D:3      | 2301 ||| FLEEEEING.
  2302 | D:3      | 2302 ||| FLEEEEING.
  2303 | D:3      | 2303 ||| FLEEEEING.
  2304 | D:3      | 2304 ||| FLEEEEING.
  2305 | D:3      | 2305 ||| FLEEEEING.
  2308 | D:3      | 2308 ||| FLEEEEING.
  2309 | D:3      | 2309 ||| FLEEEEING.
  2310 | D:3      | 2310 ||| FLEEEEING.
  2312 | D:3      | 2312 ||| FLEEEEING.
  2313 | D:3      | 2313 ||| FLEEEEING.
  2315 | D:3      | 2315 ||| FLEEEEING.
  2316 | D:3      | 2316 ||| STAIRDANCE
  2322 | D:3      | 2322 ||| STAIRDANCE
  2423 | Sewer    | Entered a sewer
  2439 | Sewer    | Reached XP level 5. HP: 32/32 MP: 5/5
  2443 | Sewer    | Noticed a kobold brigand
  2463 | Sewer    | Killed a kobold brigand
  2464 | Sewer    | Reached skill level 5 in Axes
  2605 | Sewer    | 2605 ||| DROPPING +0 whip.
  2641 | Sewer    | Noticed a kobold brigand
  2641 | Sewer    | Noticed a kobold brigand
  2655 | Sewer    | Killed a kobold brigand
  2656 | Sewer    | Reached XP level 6. HP: 23/39 MP: 6/6
  2666 | Sewer    | Reached skill level 1 in Dodging
  2847 | Sewer    | 2847 ||| READING scroll labelled LERINI HIUMIMM.
  2848 | Sewer    | 2848 ||| READING scroll labelled JOMOEMMO PASEFIX.
  2849 | Sewer    | 2849 ||| READING scroll labelled MAETEN PIUH.
  2850 | Sewer    | 2850 ||| DRINKING 2 fuming purple potions.
  2851 | Sewer    | 2851 ||| DRINKING 3 glowing yellow potions.
  2851 | Sewer    | Gained mutation: You have a pair of small horns on your
                  | head. [potion of mutation]
  2852 | Sewer    | 2852 ||| DROPPING +0 helmet.
  2853 | Sewer    | 2853 ||| DRINKING 3 purple potions.
  2854 | Sewer    | 2854 ||| DROPPING potion of brilliance.
  2869 | D:3      | 2869 ||| PLANNING D:1-11
  2887 | D:3      | 2887 ||| Stepping ~*~*~tactically~*~*~ (hiding).
  2891 | D:3      | 2891 ||| Stepping ~*~*~tactically~*~*~ (hiding).
  3223 | D:3      | Found a hazy altar of Hepliaklqana.
  3371 | D:4      | Found a shadowy altar of Dithmenos.
  3405 | D:4      | Found a snail-covered altar of Cheibriados.
  3406 | D:4      | 3406 ||| READING 3 scrolls labelled LUWYCW LODAECW.
  3407 | D:4      | 3407 ||| READING scroll labelled ORENAO MI GIRPH.
  3408 | D:4      | 3408 ||| READING scroll labelled DERUOSK ZASTE.
  3409 | D:4      | 3409 ||| DROPPING 2 scrolls of fear.
  3410 | D:4      | 3410 ||| Stepping randomly (stuck).
  3415 | D:4      | 3415 ||| Stepping randomly (stuck).
  3419 | D:4      | 3419 ||| Stepping randomly (stuck).
  3420 | D:4      | 3420 ||| Stepping randomly (stuck).
  3487 | D:4      | 3487 ||| Stepping ~*~*~tactically~*~*~ (stealth).
  3488 | D:4      | 3488 ||| Stepping ~*~*~tactically~*~*~ (stealth).
  3496 | D:4      | Reached XP level 7. HP: 34/44 MP: 7/7
  3537 | D:4      | 3537 ||| Stepping ~*~*~tactically~*~*~ (hiding).
  3542 | D:4      | 3542 ||| Stepping ~*~*~tactically~*~*~ (hiding).
  3551 | D:4      | Reached skill level 6 in Axes
  3553 | D:4      | HP: 10/44 [orc priest/divine providence (13)]
  3554 | D:4      | 3554 ||| READING 3 scrolls of teleportation.
  3565 | D:4      | 3565 ||| FLEEEEING.
  3570 | D:4      | 3570 ||| STAIRDANCE
  3695 | D:4      | 3695 ||| Stepping ~*~*~tactically~*~*~ (stealth).
  3712 | D:4      | HP: 7/44 [gnoll/+0 club (7)]
  3713 | D:4      | 3713 ||| READING 2 scrolls of teleportation.
  3718 | D:4      | 3718 ||| READING scroll of teleportation.
  3719 | D:4      | 3719 ||| DRINKING potion of heal wounds.
  3886 | D:4      | Reached skill level 7 in Axes
  3890 | D:4      | 3890 ||| FLEEEEING.
  3891 | D:4      | 3891 ||| FLEEEEING.
  3975 | D:4      | Found a staircase to the Ecumenical Temple.
  3976 | D:4      | 3976 ||| PLANNING TEMPLE
  3976 | D:4      | 3976 ||| DROPPING ring of flight.
  3977 | D:4      | 3977 ||| DRINKING 2 fizzy coppery potions.
  3978 | D:4      | 3978 ||| READING 2 scrolls of identify.
  3978 | D:4      | 3978 ||| IDENTIFYING red potion
  3979 | D:4      | 3979 ||| DROPPING potion of degeneration.
  3980 | D:4      | 3980 ||| DROPPING potion of flight.
  3986 | Temple   | Entered the Ecumenical Temple
  4126 | Temple   | 4126 ||| PLANNING D:1-11
  4369 | D:5      | Entered Level 5 of the Dungeon
  4375 | D:5      | Reached XP level 8. HP: 49/49 MP: 8/8
  4463 | D:5      | Reached skill level 8 in Axes
  4664 | D:5      | Found an iron altar of Okawaru.
  4665 | D:5      | 4665 ||| PLANNING OKAWARU WORSHIP
  4665 | D:5      | 4665 ||| UPGRADING to +4 ring of evasion.
  4673 | D:5      | Became a worshipper of Warmaster Okawaru
  4674 | D:5      | 4674 ||| PLANNING D:1-11
  4674 | D:5      | Noticed Prince Ribbit
  4695 | D:5      | Killed Prince Ribbit
  4696 | D:5      | Reached skill level 6 in Fighting
  4729 | D:5      | 4729 ||| FLEEEEING.
  4784 | D:5      | 4784 ||| Stepping ~*~*~tactically~*~*~ (stealth).
  4785 | D:5      | 4785 ||| Stepping ~*~*~tactically~*~*~ (stealth).
  4786 | D:5      | 4786 ||| Stepping ~*~*~tactically~*~*~ (stealth).
  5137 | D:5      | Found a blossoming altar of Fedhas.
  5189 | D:5      | 5189 ||| UPGRADING to +2 pair of gloves.
  5194 | D:5      | 5194 ||| UPGRADING to +0 plate armour.
  5204 | D:5      | 5204 ||| DROPPING +0 scale mail.
  5205 | D:5      | 5205 ||| READING scroll labelled YWIZXA ZAKI.
  5206 | D:5      | 5206 ||| READING scroll labelled PODIN POAPH.
  5282 | D:6      | Reached XP level 9. HP: 56/56 MP: 9/9
  5328 | D:6      | Found Yppahuff's Magic Scroll Boutique.
  5333 | D:6      | 5333 ||| BUYING scroll of enchant armour (105 gold).
  5333 | D:6      | Bought a scroll of enchant armour for 105 gold pieces
  5333 | D:6      | 5333 ||| BUYING scroll of identify (28 gold).
  5333 | D:6      | Bought a scroll of identify for 28 gold pieces
  5333 | D:6      | 5333 ||| BUYING scroll of identify (28 gold).
  5333 | D:6      | Bought a scroll of identify for 28 gold pieces
  5333 | D:6      | 5333 ||| BUYING scroll of teleportation (42 gold).
  5333 | D:6      | Bought a scroll of teleportation for 42 gold pieces
  5333 | D:6      | 5333 ||| READING scroll of enchant armour.
  5333 | D:6      | 5333 ||| ENCHANTING +0 plate armour.
  5456 | D:6      | Reached skill level 9 in Axes
  5479 | D:6      | Reached * piety under Okawaru
  5482 | D:6      | 5482 ||| INVOKING Heroism.
  5487 | D:6      | Reached skill level 1 in Invocations
  5508 | D:6      | 5508 ||| Stepping ~*~*~tactically~*~*~ (stealth).
  5633 | D:6      | Found a sacrificial altar of Ru.
  5960 | D:6      | Found a hide-covered altar of Uskayaw.
  5963 | D:6      | 5963 ||| UPGRADING to ring of protection from cold.
  5964 | D:6      | 5964 ||| READING 4 scrolls of identify.
  5964 | D:6      | 5964 ||| IDENTIFYING metallic yellow potion
  5965 | D:6      | 5965 ||| READING 3 scrolls of identify.
  5965 | D:6      | 5965 ||| IDENTIFYING puce potion
  5966 | D:6      | 5966 ||| READING 2 scrolls of identify.
  5966 | D:6      | 5966 ||| IDENTIFYING sedimented pink potion
  6025 | D:7      | Noticed Maggie
  6026 | D:7      | 6026 ||| Stepping ~*~*~tactically~*~*~ (hiding).
  6028 | D:7      | 6028 ||| Stepping ~*~*~tactically~*~*~ (hiding).
  6039 | D:7      | Killed Maggie
  6040 | D:7      | Reached skill level 6 in Armour
  6040 | D:7      | Reached skill level 3 in Invocations
  6110 | D:7      | 6110 ||| INVOKING Heroism.
  6220 | D:7      | Found a runed translucent gate.
  6220 | D:7      | Found a runed translucent gate.
  6220 | D:7      | Found a runed translucent gate.
  6221 | D:7      | Noticed qw's ghost (novice GrFi)
  6266 | D:7      | Found an opulent altar of Gozag.
  6351 | D:7      | Reached ** piety under Okawaru
  6377 | D:7      | 6377 ||| Stepping ~*~*~tactically~*~*~ (stealth).
  6379 | D:7      | 6379 ||| Stepping ~*~*~tactically~*~*~ (hiding).
  6381 | D:7      | 6381 ||| Stepping ~*~*~tactically~*~*~ (hiding).
  6383 | D:7      | 6383 ||| INVOKING Heroism.
  6444 | D:7      | Found a flagged portal.
  6724 | D:8      | 6724 ||| Stepping ~*~*~tactically~*~*~ (hiding).
  6727 | D:8      | 6727 ||| INVOKING Heroism.
  6733 | D:8      | Reached skill level 1 in Throwing
  6739 | D:8      | Reached XP level 10. HP: 61/63 MP: 11/13
  6923 | D:8      | Reached skill level 10 in Axes
  6950 | D:8      | 6950 ||| INVOKING Heroism.
  7091 | D:8      | 7091 ||| Stepping ~*~*~tactically~*~*~ (hiding).
  7096 | D:8      | 7096 ||| INVOKING Heroism.
  7203 | D:8      | 7203 ||| INVOKING Heroism.
  7592 | D:8      | Found a burning altar of Makhleb.
  7595 | D:8      | 7595 ||| UPGRADING to +0 kite shield.
  7605 | D:8      | 7605 ||| DROPPING +0 buckler.
  7647 | D:9      | 7647 ||| STAIRDANCE
  7651 | D:9      | 7651 ||| STAIRDANCE
  7653 | D:8      | 7653 ||| INVOKING Heroism.
  7661 | D:8      | Reached skill level 6 in Shields
  7665 | D:8      | Reached *** piety under Okawaru
  7728 | D:9      | 7728 ||| Stepping ~*~*~tactically~*~*~ (stealth).
  7736 | D:9      | 7736 ||| Stepping ~*~*~tactically~*~*~ (stealth).
  7738 | D:9      | 7738 ||| INVOKING Heroism.
  7805 | D:9      | 7805 ||| Stepping ~*~*~tactically~*~*~ (stealth).
  7808 | D:9      | 7808 ||| Stepping ~*~*~tactically~*~*~ (stealth).
  7818 | D:9      | 7818 ||| INVOKING Heroism.
  7831 | D:9      | Reached skill level 9 in Shields
  7888 | D:9      | Noticed a boulder beetle
  7889 | D:9      | 7889 ||| READING scroll labelled IRGHEYD ADUW.
  7891 | D:9      | 7891 ||| Stepping randomly (stuck).
  7896 | D:9      | Reached **** piety under Okawaru
  7896 | D:9      | Received a gift from Okawaru
  7897 | D:9      | Reached XP level 11. HP: 68/68 MP: 14/14
  7897 | D:9      | 7897 ||| INVOKING Heroism.
  7906 | D:9      | Killed a boulder beetle
  8001 | D:9      | 8001 ||| INVOKING Heroism.
  8001 | D:9      | Noticed a boulder beetle
  8025 | D:9      | Killed a boulder beetle
  8026 | D:9      | Reached skill level 11 in Axes
  8031 | D:9      | Reached skill level 6 in Invocations
  8201 | D:9      | Found a glowing silver altar of Zin.
  8204 | D:9      | Noticed an angel
  8207 | D:9      | Found a shimmering altar of Xom.
  8238 | D:9      | 8238 ||| INVOKING Heroism.
  8245 | D:9      | Found a glowing golden altar of the Shining One.
  8294 | D:9      | Found a broken altar of Ashenzari.
  8298 | D:9      | 8298 ||| UPGRADING to +0 pair of boots.
  8304 | D:9      | 8304 ||| READING 3 scrolls of identify.
  8304 | D:9      | 8304 ||| IDENTIFYING metallic golden potion
  8305 | D:9      | 8305 ||| READING 2 scrolls of identify.
  8305 | D:9      | 8305 ||| IDENTIFYING fizzy cyan potion
  8306 | D:9      | 8306 ||| DROPPING potion of ambrosia.
  8307 | D:9      | 8307 ||| DROPPING potion of invisibility.
  8308 | D:9      | 8308 ||| Stepping randomly (stuck).
  8309 | D:9      | 8309 ||| Stepping randomly (stuck).
  8311 | D:9      | 8311 ||| Stepping randomly (stuck).
  8312 | D:9      | 8312 ||| Stepping randomly (stuck).
  8313 | D:9      | 8313 ||| Stepping randomly (stuck).
  8314 | D:9      | 8314 ||| Stepping randomly (stuck).
  8319 | D:9      | 8319 ||| Stepping ~*~*~tactically~*~*~ (hiding).
  8320 | D:9      | 8320 ||| Stepping ~*~*~tactically~*~*~ (hiding).
  8321 | D:9      | 8321 ||| Stepping ~*~*~tactically~*~*~ (hiding).
  8591 | D:10     | Entered Level 10 of the Dungeon
  8594 | D:10     | 8594 ||| STAIRDANCE
  8624 | D:10     | Reached ***** piety under Okawaru
  8625 | D:10     | 8625 ||| STAIRDANCE
  8765 | D:10     | Found a stormy altar of Qazlal.
  8887 | D:10     | 8887 ||| INVOKING Heroism.
  8929 | D:10     | 8929 ||| INVOKING Heroism.
  8960 | D:10     | Found a bloodstained altar of Trog.
  8971 | D:10     | 8971 ||| INVOKING Heroism.
  9008 | D:10     | Found a shimmering blue altar of Sif Muna.
  9042 | D:10     | Found a runed translucent door.
  9042 | D:10     | Noticed a two-headed ogre
  9042 | D:10     | Noticed a manticore
  9165 | D:10     | 9165 ||| INVOKING Heroism.
  9316 | D:10     | 9316 ||| READING scroll labelled PIDAKHLAIZU.
  9317 | D:10     | 9317 ||| READING 2 scrolls of identify.
  9317 | D:10     | 9317 ||| IDENTIFYING sedimented silvery potion
  9363 | D:11     | Noticed Sonja
  9369 | D:11     | 9369 ||| FLEEEEING.
  9370 | D:11     | 9370 ||| STAIRDANCE
  9491 | D:11     | 9491 ||| INVOKING Heroism.
  9492 | D:11     | HP: 12/68 [Sonja/+2 short sword of distortion (25)]
  9493 | D:11     | 9493 ||| READING 4 scrolls of teleportation.
  9494 | D:11     | HP: 3/68 [Sonja/+2 short sword of distortion (6)]
  9494 | D:11     | Mangled by Sonja

Levels and vault maps discovered:
D:1:      ncdulo_lavacross, layout_loops_ring, minmay_distorted
D:2:      layout_basic, serial_bayou_pond_a, uniq_robin
D:3:      layout_basic, mainiacjoe_overflow_alcove_1,
          cheibrodos_sewer_entry_drain
D:4:      layout_rooms, cheibrodos_worm_habitat, mainiacjoe_overflow_alcove_2,
          minmay_temple_entry_hall, hangedman_decor_peaks_small,
          kennysheep_generic_room_14
D:5:      layout_gridville, kennysheep_little_box, okawaru_metal_pillars_1_2,
          serial_bayou_crossing, uniq_prince_ribbit1
D:6:      hellmonk_ruined_rings, layout_loops_ring,
          mainiacjoe_overflow_six_doors_small, nicolae_uskayaw_suspiria,
          serial_shops, shop
D:7:      layout_cave_pools, grunt_gozag_statues, enter_bailey_5,
          gammafunk_ghost_nasty_kobolds, uniq_maggie
D:8:      layout_loops_ring, marbit_many_paths, minmay_gold_behind_fungi,
          amcnicky_mini_rare_corridor_liquid
D:9:      layout_roguey, grunt_temple_overflow_order_and_chaos_1,
          jmf_multi_god_temple, minmay_checkerbox
D:10:     layout_roguey, nzn_overflow_gifts_of_might_and_magic,
          nicolae_qazlal_scattered_showers, minmay_st_funbox,
          chequers_serial_rivers_micro_d
D:11:     layout_rooms, grunt_lair_entry_orc_guard_hut, serial_shops,
          nicolae_shop_behind_doors, nicolae_shop_trees, nicolae_diamond_shop,
          nicolae_shop_crystal, nicolae_stop_n_shop_1, minmay_bent, uniq_urug,
          uniq_sonja
Temple:   hellmonk_temple_flake

Skill      XL: |  1  2  3  4  5  6  7  8  9 10 11 |
---------------+----------------------------------+-----
Axes           | 2 3 4 5 7 8 9 10 11 | 11.0
Fighting       | 4 5 6 7 8 |  8.0
Dodging        | 1 |  1.4
Armour         | 5 6 7 |  7.0
Shields        | 4 9 |  9.4
Invocations    | 4 7 |  7.2
Throwing       | 1 |  1.1

Action                   |  1- 3 |  4- 6 |  7- 9 | 10-12 || total
-------------------------+-------+-------+-------+-------++-------
Melee: War axe           |   105 |   256 |   226 |   227 ||   814
       Headbutt          |       |     4 |    48 |    56 ||   108
Throw: Boomerang         |       |       |     6 |    28 ||    34
Invok: Heroism           |       |       |     4 |    14 ||    18
  Use: Scroll            |     1 |     8 |    10 |     6 ||    25
       Potion            |     1 |     4 |     2 |       ||     7
Armor: Scale mail        |    54 |   148 |    60 |       ||   262
       Plate armour      |       |       |    45 |   148 ||   193
Dodge: Dodged            |    73 |   128 |    82 |   123 ||   406
Block: Buckler           |    16 |    40 |    36 |    17 ||   109
       Kite shield       |       |       |       |   126 ||   126

Table legend:
 A = Non-vault XP
 B = Vault XP
 C = Vault XP percentage of total XP
 D = Non-vault monster count
 E = Vault monster count
 F = Vault count percentage of total count
                 A         B        C        D         E       F
            +---------+---------+-------+---------+---------+-------
      Total |   11191 |    3921 |  25.9 |     207 |      55 |  21.0
            +---------+---------+-------+---------+---------+-------
        D:1 |      47 |       3 |   6.0 |      29 |       3 |   9.4
        D:2 |      36 |      35 |  49.3 |      16 |      12 |  42.9
        D:3 |     116 |       7 |   5.7 |      24 |       3 |  11.1
        D:4 |     580 |       7 |   1.2 |      30 |       2 |   6.2
        D:5 |     688 |     268 |  28.0 |      13 |       1 |   7.1
        D:6 |    1430 |       0 |   0.0 |      16 |       0 |   0.0
        D:7 |     573 |     393 |  40.7 |      14 |       5 |  26.3
        D:8 |    2431 |     132 |   5.2 |      24 |       1 |   4.0
        D:9 |    4094 |    2255 |  35.5 |      33 |       6 |  15.4
       D:10 |    1006 |     499 |  33.2 |       5 |       2 |  28.6
       D:11 |     190 |       0 |   0.0 |       3 |       0 |   0.0
      Sewer |       0 |     322 | 100.0 |       0 |      20 | 100.0
            +---------+---------+-------+---------+---------+-------
